 Dungeon Crawl Stone Soup version 0.31-a0-1522-g43313d8 (webtiles) character file.

Game seed: 13149869694272680255

295411 sdynet the Slayer (level 20, -20/239 HPs)
             Began as an Oni Gladiator on Dec 27, 2023.
             Was an Elder of Uskayaw.
             Demolished by an ettin
             ... wielding a +0 dire flail
              (24 damage)
             ... on level 3 of the Depths on Dec 30, 2023.
             The game lasted 02:38:40 (40759 turns).

sdynet the Slayer (Oni Gladiator)                  Turns: 40759, Time: 02:38:41

Health: -20/239    AC:  9    Str: 33    XL:     20   Next: 88%
Magic:  34/44      EV: 10    Int: 16    God:    Uskayaw [****..]
Gold:   2103       SH: 15    Dex: 17    Spells: 0/31 levels left

rFire   + + .        a - +11 morningstar of Kotib {flame, Str+2}
rCold   + . .        Q - +0 kite shield
rNeg    + . .        v - +3 troll leather armour
rPois   +            i - +2 hat {Will+}
rElec   .            m - scarf "Pugem" {rC+ rF+, MP+9 Str+3}
rCorr   +            (gloves unavailable)
SInv    .            (boots unavailable)
Will    ++++.        p
                       - Hermit's Pendant {Faith Invo=14 Evo=0 MP+5}
Stlth   +++          n - ring of Yendor {rPois rN+ Int+6 Dex+3}
HPRegen 2.99/turn    g - ring of Kegg {*Slow rF+ Will+ rCorr Str+2}
MPRegen 0.29/turn

%: slow self (1%), faith
@: slowed, studying Stealth, very slow
A: large, unfitting armour, horns 1, tough skin 1, double potion healing,
drunken brawling, agile 1, regeneration 2, MP-powered wands
}: 2/15 runes: barnacled, gossamer
a: Renounce Religion, Stomp, Line Pass


You were on level 3 of the Depths.
You worshipped Uskayaw.
Uskayaw was noncommittal.
You visited 9 branches of the dungeon, and saw 37 of its levels.
You also visited: Sewer.

You collected 3756 gold pieces.
You spent 1638 gold pieces at shops.
You donated 15 gold pieces to Zin.

Inventory:

Hand Weapons
 a - the +11 morningstar of Kotib (weapon) {flame, Str+2}
   (You found it on level 6 of the Dungeon)

   Str+2:     It affects your strength (+2).
Missiles
 c - 6 darts of dispersal
 d - 6 throwing nets
 e - 50 large rocks (quivered)
 K - 4 atropa-tipped darts
 M - 10 javelins
 T - 6 silver javelins
 Y - 4 curare-tipped darts
 Z - 15 poisoned darts
Armour
 i - a +2 hat of willpower (worn)
 m - the scarf "Pugem" (worn) {rC+ rF+, MP+9 Str+3}
   (You bought it in a shop on level 2 of the Orcish Mines)

   Str+3:     It affects your strength (+3).
   MP+9:      It affects your magic capacity (+9).
 v - a +3 troll leather armour (worn)
 Q - a +0 kite shield (worn)
Jewellery
 g - the ring of Kegg (right hand) {*Slow rF+ Will+ rCorr Str+2}
   (You bought it in a shop on level 2 of the Orcish Mines)

   [ring of protection from fire]

   Str+2:     It affects your strength (+2).
   rF+:       It protects you from fire.
   Will+:     It increases your willpower.
   rCorr:     It protects you from acid and corrosion.
   *Slow:     It may slow you when you take damage.
 k - a ring of wizardry
 n - the ring of Yendor (left hand) {rPois rN+ Int+6 Dex+3}
   (You found it on level 4 of the Shoals)

   [ring of intelligence]

   Int+6:     It affects your intelligence (+6).
   Dex+3:     It affects your dexterity (+3).
   rPois:     It protects you from poison rN+: It protects you from negative
   energy.
 p - the Hermit's Pendant (around neck) {Faith Invo=14 Evo=0 MP+5}
   (You found it on level 3 of the Dungeon)

   [amulet of faith]

   Invo=14: It sets your Invocations skill to 14.
   Evo=0: It sets your Evocations skill to 0.
   Faith:     It allows you to gain divine favour quickly.
   MP+5:      It affects your magic capacity (+5).
 r - the ring "Gocruonn" {rElec MP+9 EV+5 Stlth-}
   (You acquired it on level 1 of the Lair of Beasts)

   [ring of evasion]

   EV+5:      It affects your evasion (+5).
   rElec:     It insulates you from electricity.
   MP+9:      It affects your magic capacity (+9).
   Stlth-:    It makes you less stealthy.
 x - a ring of flight
Wands
 j - a wand of light (4)
 w - a wand of iceblast (7)
 O - a wand of digging (9)
Scrolls
 b - 9 scrolls of fog {!r}
 f - 4 scrolls of blinking
 h - 13 scrolls of teleportation {!r}
 s - 2 scrolls of poison
 y - 7 scrolls of revelation {!r}
 z - a scroll of torment
 E - 2 scrolls of vulnerability
 F - 4 scrolls of silence {!r}
 H - 2 scrolls of fear {!r}
 J - 4 scrolls of immolation
 U - 8 scrolls of identify
Potions
 l - 8 potions of brilliance {!q}
 o - 3 potions of haste {!q}
 q - 5 potions of berserk rage {!q}
 u - 2 potions of enlightenment {!q!q}
 A - 4 potions of might {!q}
 B - 6 potions of lignification {!q}
 C - a potion of cancellation {!q}
 D - 2 potions of heal wounds {!q}
 G - a potion of resistance {!q}
 I - 3 potions of ambrosia {!q}
 L - 4 potions of curing {!q}
 R - 3 potions of attraction
 V - a potion of mutation
Miscellaneous
 S - a box of beasts


   Skills:
 + Level 22.6 Fighting
 - Level 3.0 Staves
 + Level 22.1 Throwing
 - Level 3.0 Dodging
 - Level 4.0 Stealth
 + Level 17.2 Shields
 - Level 6.0 Spellcasting
 - Level 6.0 Hexes
 - Level 4.0 Translocations
 - Level 6.0 Earth Magic
 - Level 9.0 Alchemy


You couldn't memorise any spells.
You knew the following spells:

 Your Spells              Type           Power      Damage    Failure   Level
a - Jinxbite              Hex            48%        N/A       2%          2
b - Dimensional Bullseye  Hex/Tloc       10%        N/A       24%         4
l - Leda's Liquefaction   Alch/Erth      14%        N/A       9%          4
o - Olgreb's Toxic Radia  Alch           33%        N/A       4%          4
p - Petrify               Alch/Erth      28%        N/A       9%          4
q - Blink                 Tloc           34%        N/A       5%          2
y - Yara's Violent Unrav  Hex/Alch       14%        3d7       24%         5
A - Apportation           Tloc           34%        N/A       3%          1
I - Alistair's Intoxicat  Alch           22%        N/A       13%         5

Your spell library contained the following spells:

 Spells                   Type           Power      Damage    Failure   Level
 Sigil of Binding         Hex            24%        N/A       4%          3
 Tukima's Dance           Hex            24%        N/A       4%          3
 Lesser Beckoning         Tloc           34%        N/A       5%          2
 Momentum Strike          Conj/Tloc      22%        3d8       13%         2
 Foxfire                  Conj/Fire      16%        2x1d4     19%         1
 Magic Dart               Conj           16%        1d3       19%         1
 Summon Small Mammal      Summ           16%        N/A       19%         1
 Call Imp                 Summ           8%         N/A       28%         2
 Scorch                   Fire           8%         2d5       28%         2
 Static Discharge         Conj/Air       8%         3-4/arc   28%         2
 Sublimation of Blood     Necr           4%         N/A       28%         2
 Passage of Golubria      Tloc           17%        N/A       36%         4
 Lee's Rapid Deconstruct  Erth           12%        3d8*      41%         5
 Call Canine Familiar     Summ           4%         N/A       50%         3
 Swiftness                Air            4%         N/A       50%         3
 Animate Armour           Summ/Erth      28%        N/A       50%         4
 Brom's Barrelling Bould  Conj/Erth      14%        2d4       50%         4
 Eringya's Noxious Bog    Alch           16%        4d6       58%         6
 Iskenderun's Mystic Bla  Conj/Tloc      11%        2d4       63%         4
 Irradiate                Conj/Alch      9%         3d14      63%         5
 Borgnjor's Vile Clutch   Necr/Erth      7%         N/A       83%         5
 Silence                  Hex/Air        7%         N/A       83%         5
 Summon Mana Viper        Hex/Summ       14%        N/A       83%         5
 Animate Dead             Necr           4%         N/A       88%         4
 Flame Wave               Conj/Fire      4%         2d5       88%         4
 Summon Blazeheart Golem  Fire/Summ      4%         N/A       88%         4
 Summon Lightning Spire   Summ/Air       4%         N/A       88%         4
 Summon Forest            Summ/Tloc      5%         N/A       93%         5
 Fireball                 Conj/Fire      2%         3d4       99%         5
 Iskenderun's Battlesphe  Conj           4%         2d6       99%         5
 Bombard                  Conj/Erth      7%         9d2       100%        6
 Conjure Ball Lightning   Conj/Air       2%         3x3d6     100%        6
 Death Channel            Necr           2%         N/A       100%        6
 Summon Cactus Giant      Summ           2%         N/A       100%        6
 Enfeeble                 Hex            12%        N/A       100%        7
 Haunt                    Necr/Summ      2%         N/A       100%        7
 Orb of Destruction       Conj           2%         9d5       100%        7
 Ozocubu's Refrigeration  Ice            2%         4d7       100%        7
 Summon Hydra             Summ           2%         N/A       100%        7
 Discord                  Hex            12%        N/A       100%        8
 Disjunction              Tloc           8%         N/A       100%        8
 Infestation              Necr           2%         N/A       100%        8
 Lehudib's Crystal Spear  Conj/Erth      7%         10d3      100%        8


Dungeon Overview and Level Annotations

Branches:
Dungeon (15/15)            Temple (1/1) D:4            Lair (5/5) D:11
 Shoals (4/4) Lair:3       Spider (4/4) Lair:2        Slime (0/5) Lair:4
    Orc (2/2) D:11            Elf (1/3) Orc:2        Vaults (2/5) D:13
 Depths (3/4) D:15          Sewer (visited)
  Crypt: Vaults:2-3

Altars:
Ashenzari
Cheibriados
Dithmenos
Elyvilon
Fedhas
Gozag
Hepliaklqana
Kikubaaqudgha
Makhleb
Nemelex Xobeh
Okawaru
Qazlal
Ru
Sif Muna
Trog
Uskayaw
Vehumet
Wu Jian
Xom
Yredelemnul
Zin
The Shining One
Lugonu

Shops:
D:7 ?(   D:14 [[   Orc:1 (   Orc:2 [=[   Shoals:3 **   Depths:1 *

Portals:
Hell: Depths:1 Depths:2
Abyss: Depths:2
Pandemonium: Depths:2
Trove: Depths:1 (give horn of Geryon)

Annotations:
D:5 3 runed translucent doors, exclusion: 3 doors, IAmTheZeppo's ghost, novice DjFE; wqsa789's ghost, novice HuAl
Shoals:2 2 transporters, Esequ's ghost, adept FoHs
Spider:4 2 transporters, Leboarus's ghost, journeyman GrFi
Elf:1 밥탐
Depths:2 2 transporters


Innate Abilities, Weirdness & Mutations

You are too large for most types of armour.
You have a pair of small horns on your head.
You have tough skin. (AC +1)
You gain doubled healing and magic from potions.
Whenever you drink a healing potion, you attack all around you.
You are agile. (Dex +4, Str/Int -1)
You heal very quickly.
You expend magic power (3 MP) to strengthen your wands.


Message History

The fire dragon claws you but does no damage.
The fire dragon tramples you!
You hold your ground!
The storm dragon bites you but does no damage.
The storm dragon claws you but does no damage.
The storm dragon barely misses you.
Uskayaw will force your foes to share their pain.
Casting: Olgreb's Toxic Radiance (mildly dangerous; 4% risk of failure)
Confirm with . or Enter, or press ? or * to list all spells.
You begin to radiate toxic energy.
The storm dragon looks as sick as possible!
The ettin looks even sicker.
The ettin hits you with a +0 dire flail!!
The ettin hits you with a +0 dire flail!!!
You feel yourself slow down. The fire dragon bites you.
The fire dragon claws you but does no damage.
The fire dragon tramples you!
You hold your ground!
A golden dragon comes into view.
The storm dragon bites you! You block the storm dragon's attack. x2
You puncture the ettin! You burn the ettin.
The ettin is heavily wounded.
The ettin looks as sick as possible!
Your toxic aura wanes.
You block the storm dragon's attack. x3
The ettin hits you with a +0 dire flail!!!
* * * LOW HITPOINT WARNING * * *
The ettin hits you with a +0 dire flail!!
* * * LOW HITPOINT WARNING * * *
The fire dragon bites you.
* * * LOW HITPOINT WARNING * * *
The fire dragon barely misses you.
The fire dragon tramples you but does no damage.
The storm dragon bites you!
* * * LOW HITPOINT WARNING * * *
The storm dragon claws you.
* * * LOW HITPOINT WARNING * * *
The storm dragon tramples you but does no damage.
The ettin hits you with a +0 dire flail.
* * * LOW HITPOINT WARNING * * *
The ettin hits you with a +0 dire flail!!
You die...

....###........##
#.........#...##
##.......###..#
#....#.[..#...#
....###......## ##
.....#......#.## #(#
##.......#####.###(#
##.....## ##.#D#
###.### ##@# #D#C#
#D# #.# #.# #.# ##
##


You could see a golden dragon, a storm dragon (extremely poisoned), a fire
dragon and an ettin (extremely poisoned).

Vanquished Creatures
  Bai Suzhen (Shoals:4)
  Saint Roka (Vaults:2)
  Jory (Vaults:2)
  Arachne (Spider:2)
  A lich (Depths:1)
  6 sphinxes
  A walking frostbound tome (Depths:3)
  2 krakens (Shoals:4)
  Polyphemus (Shoals:2)
  Aizul (Depths:2)
  A tengu reaver (Depths:1)
  Roxanne (Elf:1)
  4 fire giants
  6 emperor scorpions
  A frost giant (Depths:3)
  A vault warden (Vaults:2)
  3 ghost moths (Spider:4)
  4 ironbound preservers
  Louise (Shoals:4)
  10 very ugly things
  3 ironbound thunderhulks
  2 broodmothers
  6 stone giants
  A deep elf death mage (Vaults:2)
  Nessos (Orc:2)
  A lorocyproca (Depths:2)
  4 dire elephants (Vaults:2)
  A minotaur (Shoals:4)
  A war gargoyle (Vaults:2)
  Azrael (D:14)
  11 spark wasps
  4 ettins
  A merfolk javelineer (Shoals:3)
  Josephine (D:13)
  7 fire dragons
  Snorg (Orc:1)
  A merfolk impaler (Shoals:4)
  A deep elf high priest (D:13)
  4 entropy weavers
  2 ice dragons (Depths:1)
  A yaktaur captain (Vaults:2)
  2 rakshasas
  A peacekeeper (Vaults:2)
  A great orb of eyes (Vaults:1)
  A jorogumo (Spider:4)
  2 alligator snapping turtles (Shoals:4)
  5 boulder beetles
  4 radroaches
  7 hydras
  9 centaur warriors
  2 merfolk avatars
  An ironbound frostheart (Vaults:2)
  13 satyrs
  2 dancing weapons (Elf:1)
  A merfolk aquamancer (Shoals:4)
  6 two-headed ogres
  5 deep troll shamans
  14 death yaks
  14 demonic crawlers
  2 catoblepae
  A vampire mage (Depths:3)
  An orc high priest (Vaults:2)
  A spriggan berserker (Depths:2)
  An occultist (Depths:3)
  Urug (Lair:3)
  5 deep elf knights (Elf:1)
  A hell knight (D:15)
  5 pharaoh ants
  10 sea snakes
  A flayed ghost (Depths:2)
  The ghost of wqsa789 the Mimic, a novice HuGl (D:9)
  A glowing orange brain (Vaults:1)
  6 skysharks
  10 ironbound convokers
  17 deep trolls
  5 orb spiders
  2 deep elf archers (Elf:1)
  2 arcanists
  5 lindwurms
  11 orc knights
  5 necromancers
  8 deep elf pyromancers
  4 deep elf zephyrmancers (Elf:1)
  4 steelbarb worms
  14 harpies
  A sphinx simulacrum (Vaults:1)
  4 orc sorcerers
  4 oklob plants (Lair:1)
  A salamander (Depths:2)
  A stone giant zombie (Vaults:1)
  25 wolf spiders
  31 fauns
  27 ugly things
  16 elephants (Lair:4)
  21 manticores
  9 cyclopes
  Maurice (Orc:2)
  4 moths of wrath
  3 meliai (Spider:2)
  5 vault sentinels
  8 merfolk sirens
  2 black mambas (Lair:2)
  4 torpor snails
  4 kobold blastminers (Orc:2)
  3 water nymphs
  11 cane toads
  5 gargoyles
  3 rime drakes
  A kobold demonologist (D:11)
  5 yaktaurs
  11 komodo dragons
  A tengu conjurer (Depths:1)
  4 harpy zombies (Shoals:1)
  12 merfolk
  7 trolls
  2 polar bears (Lair:5)
  7 hornets
  3 wind drakes
  A glass eye (shapeshifter) (Depths:2)
  21 tarantellas
  A glass eye (Depths:3)
  11 blink frogs
  7 dream sheep
  13 snapping turtles
  16 slime creatures
  2 shadows
  3 air elementals (Elf:1)
  28 jumping spiders
  13 water elementals
  An ettin skeleton (Vaults:1)
  13 spriggans (Lair:5)
  7 wraiths
  2 vampires
  16 culicivoras
  2 wyverns
  5 fire elementals
  3 basilisks
  56 yaks
  A steam dragon (D:7)
  39 redbacks
  17 vampire mosquitoes
  3 wargs
  Edmund (D:5)
  13 water moccasins
  2 acid dragons
  3 hell hounds (D:14)
  A sky beast (D:8)
  9 black bears
  2 manticore zombies (Shoals:1)
  3 ice beasts
  34 orc warriors
  5 ogres
  12 boggarts
  28 wolves
  An ogre (shapeshifter) (D:15)
  16 centaurs
  A phantom (D:5)
  4 kobold brigands
  21 bullfrogs
  3 gnoll sergeants
  6 scorpions
  3 earth elementals (Elf:1)
  4 wights (D:8)
  5 killer bees (D:9)
  An electric eel (D:15)
  7 howler monkeys
  2 bombardier beetles (D:5)
  4 hounds
  A gnoll bouda (D:6)
  5 jellies
  13 orc priests
  A sleepcap (D:5)
  Natasha (thrice) (D:4)
  18 orc wizards
  5 iguanas
  26 gnolls
  8 adders
  A river rat (Sewer)
  3 shadow imps
  4 ufetubi
  2 ribbon worms
  5 dart slugs
  72 orcs
  7 ball pythons
  2 bats (D:2)
  A bat zombie (Shoals:1)
  15 endoplasms
  3 giant cockroaches
  7 goblins
  5 hobgoblins
  9 jackals
  26 kobolds
  4 quokkas
  4 frilled lizards
  9 rats
  5 tentacles (Shoals:4)
1299 creatures vanquished.

Vanquished Creatures (collateral kills)
  A satyr (Shoals:4)
1 creature vanquished.

Vanquished Creatures (others)
  2 fauns (Shoals:4)
  An orc warrior (Orc:2)
  An orc wizard (Orc:2)
  7 tentacles (Shoals:4)
11 creatures vanquished.

Grand Total: 1311 creatures vanquished

Notes
Turn   | Place    | Note
-------+----------+-------------------------------------------
     0 | D:1      | sdynet the Oni Gladiator began the quest for the Orb.
     0 | D:1      | Reached XP level 1. HP: 22/22 MP: 1/1
     0 | D:1      | Noticed a vine stalker
     0 | D:1      | Noticed a draconian
     3 | D:1      | Noticed a human
     5 | D:1      | Noticed a demigod
     6 | D:1      | Noticed a troll
     8 | D:1      | Noticed a demigod
    12 | D:1      | Noticed a merfolk
    12 | D:1      | Noticed a spriggan
    14 | D:1      | Noticed a ghoul
    16 | D:1      | Noticed a naga
    16 | D:1      | Noticed a troll
    18 | D:1      | Noticed a vine stalker
    18 | D:1      | Noticed a dwarf
    21 | D:1      | Noticed a merfolk
   197 | D:1      | Reached XP level 2. HP: 31/31 MP: 2/2
   226 | D:1      | Reached skill level 1 in Stealth
   699 | D:1      | Reached XP level 3. HP: 32/39 MP: 3/3
  1158 | D:2      | Identified the +1 ring mail "Bouneic" {-Tele Harm rF++
                  | Dex+2}
  1455 | D:2      | Reached XP level 4. HP: 49/49 MP: 4/4
  2258 | D:3      | Noticed a scorpion
  2266 | D:3      | Killed a scorpion
  2267 | D:3      | Reached XP level 5. HP: 38/59 MP: 5/5
  2420 | D:3      | Found a faded altar of an unknown god.
  2420 | D:3      | Found the Hermit's Pendant {Faith Invo=14 Evo=0 MP+5}
  2688 | D:3      | Found a broken altar of Ashenzari.
  2893 | D:3      | Found a glowing silver altar of Zin.
  2893 | D:3      | Found an iron altar of Okawaru.
  2916 | D:3      | Reached XP level 6. HP: 67/71 MP: 16/16
  3163 | D:3      | Became a worshipper of Zin the Law-Giver
  3163 | D:3      | Reached * piety under Zin
  3394 | D:4      | Noticed Natasha
  3411 | D:4      | Killed Natasha
  3414 | D:4      | Identified the +1 pair of gloves of Caboo {Str+2}
  3584 | D:4      | Learned a level 2 spell: Blink
  3619 | D:4      | Found a sparkling altar of Nemelex Xobeh.
  3741 | D:4      | Found a staircase to the Ecumenical Temple.
  3750 | Temple   | Entered the Ecumenical Temple
  3756 | Temple   | Fell from the grace of Zin
  3756 | Temple   | Became a worshipper of Uskayaw the Reveller
  3798 | D:4      | Reached * piety under Uskayaw
  3799 | D:4      | Reached ** piety under Uskayaw
  3806 | D:4      | Reached *** piety under Uskayaw
  3815 | D:4      | Reached **** piety under Uskayaw
  4198 | D:4      | Noticed Natasha
  4204 | D:4      | Killed Natasha
  4205 | D:4      | Reached XP level 7. HP: 73/81 MP: 17/17
  4268 | D:4      | Noticed Natasha
  4276 | D:4      | Killed Natasha
  4982 | D:5      | Entered Level 5 of the Dungeon
  5006 | D:5      | Noticed Edmund
  5014 | D:5      | Killed Edmund
  5014 | D:5      | Reached ***** piety under Uskayaw
  5015 | D:5      | Reached XP level 8. HP: 28/93 MP: 18/18
  5019 | D:5      | Reached skill level 5 in Throwing
  5323 | D:5      | Found a runed translucent gate.
  5324 | D:5      | Found a runed translucent gate.
  5324 | D:5      | Found a runed translucent gate.
  5325 | D:5      | Noticed IAmTheZeppo's ghost (novice DjFE)
  5325 | D:5      | Noticed wqsa789's ghost (novice HuAl)
  5369 | D:5      | Reached skill level 10 in Fighting
  6363 | D:6      | Noticed a troll
  6367 | D:6      | Killed a troll
  6368 | D:6      | Reached XP level 9. HP: 92/102 MP: 19/19
  6512 | D:6      | Found a glowing drain.
  6516 | Sewer    | Entered a sewer
  7079 | D:6      | Identified the +11 morningstar of Kotib {flame, Str+2}
  7081 | D:6      | Found a burning altar of Makhleb.
  7081 | D:6      | Found a shadowy altar of Dithmenos.
  7333 | D:7      | Found Zipisis's Magic Scroll Shoppe.
  7343 | D:7      | Bought a scroll of vulnerability for 52 gold pieces
  7343 | D:7      | Bought a scroll of immolation for 52 gold pieces
  7343 | D:7      | Bought a scroll of enchant armour for 97 gold pieces
  7343 | D:7      | Bought a scroll of blinking for 97 gold pieces
  7343 | D:7      | Bought a scroll of identify for 26 gold pieces
  7343 | D:7      | Bought a scroll of identify for 26 gold pieces
  7644 | D:7      | Found Qaxotif's Weapon Shop.
  7935 | D:7      | Bought a scroll of identify for 26 gold pieces
  7935 | D:7      | Bought a scroll of identify for 26 gold pieces
  8030 | D:8      | Reached XP level 10. HP: 117/117 MP: 20/20
  8033 | D:8      | Reached skill level 10 in Throwing
  8044 | D:8      | Reached ****** piety under Uskayaw
  8150 | D:8      | Noticed a manticore
  8151 | D:8      | Noticed a centaur warrior
  8154 | D:8      | Killed a manticore
  8156 | D:8      | Noticed a gargoyle
  8158 | D:8      | Killed a gargoyle
  8159 | D:8      | Killed a centaur warrior
  8355 | D:8      | Noticed a cyclops
  8360 | D:8      | Killed a cyclops
  8386 | D:8      | Noticed a cyclops
  8398 | D:8      | Killed a cyclops
  8399 | D:8      | Reached XP level 11. HP: 62/131 MP: 21/21
  8469 | D:8      | Found a blossoming altar of Fedhas.
  8648 | D:8      | Noticed a two-headed ogre
  8659 | D:8      | Killed a two-headed ogre
  8660 | D:8      | Reached skill level 15 in Fighting
  9364 | D:9      | Found a shimmering blue altar of Sif Muna.
  9370 | D:9      | Found a bloodstained altar of Trog.
  9752 | D:9      | Found a runed translucent gate.
  9752 | D:9      | Found a runed translucent gate.
  9753 | D:9      | Noticed a nine-headed hydra
  9754 | D:9      | Noticed wqsa789's ghost (novice HuGl)
  9756 | D:9      | Found a runed translucent gate.
 10051 | D:9      | Killed a nine-headed hydra
 10056 | D:9      | Killed wqsa789's ghost
 10066 | D:9      | Identified the +1 lajatang "Qiummuc" {venom, rF+ Str+3
                  | Dex-3 SInv}
 10097 | D:10     | Entered Level 10 of the Dungeon
 10163 | D:10     | Found a shimmering altar of Xom.
 10198 | D:10     | Learned a level 1 spell: Apportation
 10242 | D:10     | Gained mutation: You occasionally lose the ability to drink
                  | potions when taking damage. [potion of mutation]
 10242 | D:10     | Gained mutation: Your mind is acute. (Int +4, Str/Dex -1)
                  | [potion of mutation]
 10242 | D:10     | Gained mutation: You expend magic power (3 MP) to
                  | strengthen your wands. [potion of mutation]
 10243 | D:10     | Lost mutation: You occasionally lose the ability to drink
                  | potions when taking damage. [potion of mutation]
 10243 | D:10     | Lost mutation: You expend magic power (3 MP) to strengthen
                  | your wands. [potion of mutation]
 10243 | D:10     | Lost mutation: Your mind is acute. (Int +4, Str/Dex -1)
                  | [potion of mutation]
 10243 | D:10     | Gained mutation: You sometimes lose your temper in combat.
                  | [potion of mutation]
 10243 | D:10     | Gained mutation: Your magical capacity is low. (-10% MP)
                  | [potion of mutation]
 10243 | D:10     | Gained mutation: You are agile. (Dex +4, Str/Int -1)
                  | [potion of mutation]
 10358 | D:10     | Reached skill level 1 in Spellcasting
 10388 | D:10     | Reached skill level 1 in Translocations
 10397 | D:10     | Reached XP level 12. HP: 109/146 MP: 20/20
 10793 | D:10     | Found a hazy altar of Hepliaklqana.
 11165 | D:11     | Found a staircase to the Lair.
 11517 | D:11     | Found a staircase to the Orcish Mines.
 11728 | D:11     | Noticed a two-headed ogre
 11735 | D:11     | Killed a two-headed ogre
 11782 | Lair:1   | Entered Level 1 of the Lair of Beasts
 12762 | Lair:2   | Noticed a six-headed hydra
 12767 | Lair:2   | Killed a six-headed hydra
 12775 | Lair:2   | Found an ornate altar of the Wu Jian Council.
 12775 | Lair:2   | Found a hide-covered altar of Uskayaw.
 12864 | Lair:2   | Reached skill level 15 in Throwing
 12948 | Lair:2   | Noticed a boulder beetle
 12957 | Lair:2   | Killed a boulder beetle
 12958 | Lair:2   | Reached XP level 13. HP: 158/158 MP: 21/21
 13140 | Lair:2   | Found a hole to the Spider Nest.
 13855 | Lair:3   | Noticed Urug
 13863 | Lair:3   | Killed Urug
 14954 | Lair:4   | Reached XP level 14. HP: 117/172 MP: 20/22
 15294 | Lair:4   | Found a staircase to the Slime Pits.
 15674 | Lair:5   | Entered Level 5 of the Lair of Beasts
 16836 | Lair:5   | Identified the maw talisman "Wibeax" {rPois rF+ Stlth-}
 16867 | Lair:5   | Reached skill level 1 in Shields
 16871 | Lair:5   | Paralysed by a hornet for 1 turns
 17047 | Lair:5   | Identified the +0 hand axe of Kutogh {antimagic, Dex+2}
 17328 | Lair:5   | Identified the +1 ring mail "Roschesa" {+Blink rF+}
 17363 | Lair:5   | Reached XP level 15. HP: 182/184 MP: 22/22
 17682 | Orc:1    | Entered Level 1 of the Orcish Mines
 17758 | Orc:2    | Entered Level 2 of the Orcish Mines
 17758 | Orc:2    | Found a staircase to the Elven Halls.
 17772 | Orc:2    | Noticed Nessos
 17776 | Orc:2    | Killed Nessos
 17777 | Orc:2    | Reached skill level 5 in Shields
 17840 | Orc:2    | Found Zusudd's Jewellery Boutique.
 17842 | Orc:2    | Found Juimisk's Antique Armour Shoppe.
 17845 | Orc:2    | Found Sedeghext's Antique Armour Shop.
 17858 | Orc:2    | Bought the ring of Kegg {*Slow rF+ Will+ rCorr Str+2} for
                  | 543 gold pieces
 17908 | Orc:2    | Bought a warped scarf for 180 gold pieces
 17908 | Orc:2    | Identified the scarf "Pugem" {rC+ rF+, MP+9 Str+3} (You
                  | bought it in a shop on level 2 of the Orcish Mines)
 17915 | Orc:2    | Bought a faintly humming robe for 102 gold pieces
 17915 | Orc:2    | Identified the +0 robe of Lilacs {rF+ Dex-5 Stlth+} (You
                  | bought it in a shop on level 2 of the Orcish Mines)
 18279 | Orc:2    | Noticed Maurice
 18283 | Orc:2    | Killed Maurice
 18705 | Orc:1    | Found Ireaguli's Weapon Boutique.
 18943 | Orc:1    | Noticed Snorg
 18946 | Orc:1    | Killed Snorg
 19226 | Shoals:1 | Entered Level 1 of the Shoals
 21660 | Shoals:2 | Found a transporter.
 21660 | Shoals:2 | Found a transporter.
 21665 | Shoals:2 | Noticed Esequ's ghost (adept FoHs)
 21846 | D:12     | Reached XP level 16. HP: 195/195 MP: 23/23
 22656 | D:13     | Reached skill level 10 in Shields
 22664 | D:13     | Noticed Josephine
 22665 | D:13     | Killed Josephine
 22864 | D:13     | Identified the ring of the Komodo Dragon {Str+7 Dex+6
                  | Stlth+}
 23254 | D:13     | Found a gate to the Vaults.
 23531 | D:14     | Noticed Azrael
 23536 | D:14     | Killed Azrael
 23620 | D:14     | Found Ecrilohi's Armour Emporium.
 24179 | D:14     | Found Cut Fakh's Antique Armour Emporium.
 24440 | D:15     | Entered Level 15 of the Dungeon
 24693 | D:15     | Found a sacrificial altar of Ru.
 24949 | D:15     | Found a staircase to the Depths.
 25468 | Lair:1   | Identified a scroll of acquirement
 25477 | Lair:1   | Acquired the ring "Gocruonn" {rElec MP+9 EV+5 Stlth-}
 25771 | Shoals:2 | Noticed Polyphemus
 25779 | Shoals:2 | Killed Polyphemus
 26237 | Shoals:3 | Reached XP level 17. HP: 202/202 MP: 24/24
 26434 | Shoals:3 | Found Ecader's Specific Store.
 26438 | Shoals:3 | Found Ynkuolups's General Store.
 26442 | Shoals:3 | Bought a potion of curing for 42 gold pieces
 26647 | Shoals:4 | Entered Level 4 of the Shoals
 26840 | Shoals:4 | Noticed Louise
 26841 | Shoals:4 | Killed Louise
 26959 | Shoals:4 | Noticed Bai Suzhen
 26966 | Shoals:4 | Killed Bai Suzhen
 27169 | Shoals:4 | Noticed a sphinx
 27169 | Shoals:4 | Noticed a sphinx
 27175 | Shoals:4 | Killed a sphinx
 27184 | Shoals:4 | Killed a sphinx
 27199 | Shoals:4 | Reached skill level 15 in Shields
 27280 | Shoals:4 | Noticed a kraken
 27301 | Shoals:4 | Killed a kraken
 27309 | Shoals:4 | Identified the ring of Yendor {rPois rN+ Int+6 Dex+3}
 27314 | Shoals:4 | Got a barnacled rune of Zot
 27413 | Shoals:4 | Noticed a kraken
 27415 | Shoals:4 | Noticed a sphinx
 27417 | Shoals:4 | Killed a sphinx
 27443 | Shoals:4 | Killed a kraken
 27794 | Shoals:3 | Identified the +1 animal skin of Unbearable Freedom {rF-
                  | Regen+ Int+2}
 27948 | Lair:1   | Learned a level 4 spell: Olgreb's Toxic Radiance
 28004 | Elf:1    | Entered Level 1 of the Elven Halls
 28025 | Elf:1    | Found a radiant altar of Vehumet.
 28066 | Elf:1    | Paralysed by an air elemental for 1 turns
 28072 | Elf:1    | Reached skill level 1 in Alchemy
 28184 | Elf:1    | Reached XP level 18. HP: 213/213 MP: 25/25
 28442 | Elf:1    | Noticed Roxanne
 28453 | Elf:1    | Killed Roxanne
 28595 | Elf:1    | Paralysed by an air elemental for 1 turns
 28599 | Elf:1    | Paralysed by an air elemental for 1 turns
 29056 | Elf:1    | Learned a level 5 spell: Yara's Violent Unravelling
 29145 | Elf:1    | Paralysed by an air elemental for 1 turns
 29147 | Elf:1    | Paralysed by an air elemental for 1 turns
 29621 | Spider:1 | Entered Level 1 of the Spider Nest
 29703 | Spider:1 | Reached skill level 1 in Hexes
 29900 | Spider:1 | Reached skill level 5 in Spellcasting
 30170 | Lair:1   | Lost mutation: Your magical capacity is low. (-10% MP)
                  | [potion of mutation]
 30170 | Lair:1   | Lost mutation: You sometimes lose your temper in combat.
                  | [potion of mutation]
 30170 | Lair:1   | Gained mutation: You expend magic power (3 MP) to
                  | strengthen your wands. [potion of mutation]
 30170 | Lair:1   | Gained mutation: Your natural rate of healing is unusually
                  | fast. [potion of mutation]
 30170 | Lair:1   | Gained mutation: You heal very quickly. [potion of
                  | mutation]
 30267 | Spider:1 | Learned a level 4 spell: Leda's Liquefaction
 30272 | Spider:1 | Learned a level 4 spell: Petrify
 30275 | Spider:1 | Learned a level 2 spell: Jinxbite
 30382 | Spider:1 | Reached skill level 5 in Alchemy
 30504 | Spider:1 | Got Akkuupsu's Essays on the Cloudy Impact
 30932 | Spider:2 | Reached skill level 1 in Earth Magic
 31069 | Spider:2 | Noticed Arachne
 31077 | Spider:2 | Killed Arachne
 33216 | Spider:4 | Entered Level 4 of the Spider Nest
 33366 | Spider:4 | Learned a level 5 spell: Alistair's Intoxication
 33379 | Spider:4 | Reached XP level 19. HP: 125/221 MP: 1/29
 33592 | Spider:4 | Found a transporter.
 33601 | Spider:4 | Noticed Leboarus's ghost (journeyman GrFi)
 33604 | Spider:4 | Found a transporter.
 33966 | Spider:4 | Got a gossamer rune of Zot
 34882 | Vaults:1 | Entered Level 1 of the Vaults
 35478 | Shoals:3 | Bought a scroll of enchant armour for 105 gold pieces
 37170 | Vaults:2 | Noticed Jory
 37177 | Vaults:2 | Killed Jory
 37457 | Vaults:2 | Noticed Saint Roka
 37468 | Vaults:2 | Killed Saint Roka
 38188 | Vaults:2 | Reached skill level 5 in Hexes
 38188 | Vaults:2 | Reached skill level 5 in Earth Magic
 38190 | Vaults:2 | Reached XP level 20. HP: 234/234 MP: 27/30
 38515 | Vaults:2 | Learned a level 4 spell: Dimensional Bullseye
 38710 | Depths:1 | Entered Level 1 of the Depths
 38972 | Depths:1 | Found a portal to a secret trove of treasure.
 38977 | Depths:1 | Upgraded the game from 0.31-a0-1448-g4a97266 to
                  | 0.31-a0-1522-g43313d8
 39028 | Depths:1 | Found a gateway to Hell.
 39428 | Depths:1 | Found Kadesm's Pet Rocks.
 39450 | Depths:1 | Bought 4 large rocks for 96 gold pieces
 39450 | Depths:1 | Bought 3 large rocks for 72 gold pieces
 39450 | Depths:1 | Bought 4 large rocks for 96 gold pieces
 39654 | Depths:2 | Identified the serpent talisman of Follow the Leader {Int+2
                  | Stlth+}
 39654 | Depths:2 | Noticed Aizul
 39662 | Depths:2 | Killed Aizul
 39782 | Depths:2 | Found a transporter.
 39822 | Depths:2 | Found a one-way gate to the infinite horrors of the Abyss.
 40158 | Depths:2 | Found a one-way gate leading to the halls of Pandemonium.
 40341 | Depths:2 | Found a transporter.
 40758 | Depths:3 | Noticed a golden dragon
 40759 | Depths:3 | HP: 10/239 [storm dragon (7)]
 40759 | Depths:3 | HP: 4/239 [ettin/+0 dire flail (3)]
 40759 | Depths:3 | Demolished by an ettin

Illustrated notes

Levels and vault maps discovered:
D:1:      shiori_arrival_whats_in_store_for_you, layout_basic, minivault_5
D:2:      layout_basic, minmay_misc_feat_diagonals
D:3:      layout_loops_ring, ashenzari_conservatory_becter,
          nicolae_overflow_two_pavilions, hellmonk_guarded_unrand_hermit
D:4:      layout_cave_pods, nemelex_dance_club_becter, lemuel_temple_firewalk_b,
          minmay_bisected, uniq_natasha
D:5:      layout_loops_ring, gammafunk_ghost_cemetery, uniq_edmund
D:6:      layout_rooms, jmf_multi_god_temple,
          mainiacjoe_sewer_entry_somewhere_in_here_2
D:7:      layout_cave_pools, serial_gnoll_camp, gnoll_camp_mini_house,
          gnoll_camp_mini_house, gnoll_camp_mini_shop, gnoll_camp_mini_hut,
          serial_shops, nicolae_lakefront_shop
D:8:      nzn_winding_woodlands_three_and_one
          [nzn_winding_woodlands_5x15_sidewinder,
          nzn_winding_woodlands_5x15_cabin, nzn_winding_woodlands_5x15_pool,
          nzn_winding_woodlands_center_pierced_h], layout_loops_ring,
          fedhas_altar_1, nicolae_doodle_vault
D:9:      layout_long_grid, hellmonk_overflow_destroyed_library,
          gammafunk_ghost_hydra_chop
D:10:     layout_roguey, nzn_hepliaklqana_mist_gate, lemuel_crystal_altar,
          kennysheep_generic_room_5
D:11:     layout_roguey, grunt_lair_entry_orc_guard_hut, orc_0_dummy
D:12:     layout_rooms, corner_web_ring
D:13:     layout_cave_pods, hellmonk_vaults_attempted_burglary, uniq_josephine
D:14:     layout_rooms, serial_shops, nicolae_shop_rolling_square, shop,
          bh_walls_and_bars, uniq_azrael
D:15:     hangedman_depths_entry_civil_slaughter, layout_basic,
          kennysheep_pointless_box, nicolae_ru_awakened_eye
Temple:   chequers_temple_sunken
Lair:1:   minmay_lair_oklob_tunnel, layout_regular_city
Lair:2:   cheibrodos_lair_river_kwai, layout_hall_layers, spider_nest_entry_a,
          nzn_masters_of_martial_movement
Lair:3:   layout_roguey, nicolae_shoals_entry_flooding, uniq_urug
Lair:4:   layout_regular_city, slime_entry_1
Lair:5:   minmay_lair_end_enchanted_forest, layout_regular_city,
          grunt_megastairs_1
Shoals:1: layout_shoals, nicolae_shoals_undead_eyrie
Shoals:2: layout_shoals, ebering_ghost_davey_jones, nicolae_shoals_so_close,
          uniq_polyphemus
Shoals:3: argonaut_golden_fleece, layout_shoals, nicolae_specific_store
Shoals:4: shoals_end_hellmonk_lost_city, uniq_louise, uniq_bai_suzhen
Spider:1: layout_spider_delve, worms_lemuel
Spider:2: layout_spider_delve, nicolae_arachne_temple
Spider:3: layout_chambers, hangedman_spider_tarantella_strand
Spider:4: guppyfry_spider_rune, gammafunk_ghost_arena
Orc:1:    layout_caves, serial_shops, shop, uniq_snorg
Orc:2:    st_orc_rangers, layout_caves, uniq_maurice, uniq_nessos
Elf:1:    eino_elf_arrival_altar, layout_onion_city, minmay_elf_crystal_hexagon,
          uniq_roxanne
Vaults:1: vaults_room_pool, nicolae_vaults_meiosis, nicolae_vaults_tangram_2,
          nicolae_vaults_circle_grid_a, hangedman_vaults_capsules,
          nicolae_vaults_little_squares_3, nicolae_vaults_theta,
          nicolae_vaults_tetromino_T_1, nicolae_vaults_tetromino_T_2,
          layout_vaults_omnigrid
Vaults:2: ontoclasm_vaults_twist, st_eye, vaults_dpeg_diagonal,
          vaults_room_stairs_pillars, v_pattern_2, v_misc_12,
          nicolae_vaults_trapezoid_2, nicolae_vaults_storage_room_doors,
          grunt_vaults_twisty, layout_vaults_chaotic_city, uniq_jory,
          uniq_saint_roka
Depths:1: layout_roguey, hex_tiny, hell_entry, serial_glass, glass_columns_c,
          glass_columns_c, enter_trove_3, serial_sigils_hangedman_snap,
          guppyfry_shop_earth
Depths:2: gammafunk_corrupted_shrine, layout_cave_pools, hell_entry,
          abyss_entry_small_statue_room, grunt_pan_entry_spiral,
          grunt_decor_cap, uniq_aizul
Depths:3: minmay_quantized_circle, layout_gridlike, mu_enter_wizlab_7,
          hangedman_geh_valley, nicolae_abyss_entry_one_way_or_another,
          corexii_leaking_fountain, nicolae_tso_carved_into_rock

Skill      XL: |  1  2  3  4  5  6  7  8  9 10 11 12 13 14 15 16 17 18 19 20 |
---------------+-------------------------------------------------------------+-----
Fighting       | 3 4 6 7 8 9 10 12 14 16 18 19 20 21 22 | 22.6
Stealth        | 1 2 3 4 |  4.0
Throwing       | 4 7 9 12 13 15 17 18 19 20 21 22 | 22.1
Dodging        | 3 |  3.0
Spellcasting   | 1 2 6 |  6.0
Translocations | 1 2 4 |  4.0
Shields        | 4 9 12 15 16 17 | 17.2
Alchemy        | 1 9 |  9.0
Hexes          | 2 5 6 |  6.0
Earth Magic    | 2 5 6 |  6.0
Staves         | |  3.0

Action                     |  1- 3 |  4- 6 |  7- 9 | 10-12 | 13-15 | 16-18 | 19-21 || total
---------------------------+-------+-------+-------+-------+-------+-------+-------++-------
  Melee: Quarterstaff      |    84 |   127 |   107 |       |       |       |       ||   318
         Headbutt          |     8 |    15 |    18 |    50 |    41 |    65 |    37 ||   234
         Morningstar       |       |       |    50 |   223 |   196 |   234 |   150 ||   853
         Punch             |       |       |     2 |     3 |       |       |       ||     5
         Lajatang          |       |       |       |    32 |       |       |       ||    32
  Throw: Dart              |     1 |    17 |    24 |    20 |    92 |    26 |     3 ||   183
         Boomerang         |       |    10 |    90 |    66 |   294 |   197 |     2 ||   659
         Large rock        |       |       |    11 |    34 |   138 |   346 |   243 ||   772
         Throwing net      |       |       |     2 |     2 |       |     1 |       ||     5
         Javelin           |       |       |       |       |    15 |    34 |    22 ||    71
   Cast: Apportation       |       |       |       |       |       |     1 |       ||     1
         Olgreb's Toxic Ra |       |       |       |       |       |    40 |    96 ||   136
         Jinxbite          |       |       |       |       |       |    20 |     7 ||    27
         Leda's Liquefacti |       |       |       |       |       |     1 |     9 ||    10
         Blink             |       |       |       |       |       |       |     1 ||     1
         Alistair's Intoxi |       |       |       |       |       |       |     1 ||     1
 Invoke: Stomp             |       |     2 |     5 |     4 |    41 |    12 |    19 ||    83
         Recite            |       |     2 |       |       |       |       |       ||     2
         Line Pass         |       |       |       |     1 |     2 |     1 |     3 ||     7
         Grand Finale      |       |       |       |     1 |       |     7 |     3 ||    11
  Evoke: Wand              |       |       |     3 |     2 |    16 |    40 |       ||    61
         Box of beasts     |       |       |       |       |       |     1 |       ||     1
    Use: Scroll            |       |     7 |    13 |     6 |     7 |     8 |     3 ||    44
         Potion            |       |       |     1 |     2 |     4 |     8 |     5 ||    20
   Stab: Sleeping          |     5 |     3 |     5 |     1 |     3 |     1 |     2 ||    20
         Paralysed         |       |     2 |     7 |    36 |    25 |    32 |    31 ||   133
         Confused          |       |       |       |     1 |       |       |       ||     1
         Invisible         |       |       |       |       |     1 |       |       ||     1
         Distracted        |       |       |       |       |       |       |     1 ||     1
 Armour: Robe              |    48 |   103 |   105 |       |       |       |       ||   256
         Troll leather arm |       |       |    86 |   307 |   223 |   214 |   327 ||  1157
         Storm dragon scal |       |       |       |       |   294 |   115 |       ||   409
         Animal skin       |       |       |       |       |       |    77 |       ||    77
  Dodge: Dodged            |    42 |    93 |   125 |   157 |   205 |   173 |    92 ||   887
  Block: Kite shield       |       |       |       |       |   195 |   267 |   252 ||   714

Table legend: (Time is in decaauts)
 A = Elapsed time spent in this place.
 B = Non-inter-level travel time spent in this place.
 C = Inter-level travel time spent in this place.
 D = Time resting spent in this place.
 E = Time spent auto-exploring this place.
 F = Levels seen in this place.
 G = Mean time per level.
                   A        B        C        D        E       F      G
               +--------+--------+--------+--------+--------+-----+--------+
         Total |  41168 |  35891 |   5277 |    420 |  27692 |  38 | 1083.4 |
       Dungeon |  16051 |  13925 |   2126 |    247 |  10856 |  15 | 1070.1 |
        Temple |     12 |     12 |      0 |      0 |      0 |   1 |   12.0 |
          Lair |   6978 |   5669 |   1309 |     61 |   4374 |   5 | 1395.6 |
        Shoals |   4579 |   3925 |    654 |     96 |   2673 |   4 | 1144.8 |
   Spider Nest |   5405 |   4707 |    698 |      2 |   3855 |   4 | 1351.2 |
  Orcish Mines |   1517 |   1344 |    173 |      0 |   1078 |   2 |  758.5 |
   Elven Halls |   1261 |   1229 |     32 |     11 |   1003 |   1 | 1261.0 |
        Vaults |   3002 |   2822 |    180 |      0 |   2272 |   2 | 1501.0 |
        Depths |   2075 |   1973 |    102 |      3 |   1431 |   3 |  691.7 |
         Sewer |    285 |    285 |      0 |      0 |    149 |   1 |  285.0 |
               +--------+--------+--------+--------+--------+-----+--------+

Top non-repeatable levels by time:
     D:4: 1915 daAuts
Vaults:2: 1649 daAuts
Spider:4: 1646 daAuts
Shoals:1: 1620 daAuts
  Lair:1: 1606 daAuts
  Lair:5: 1579 daAuts
  Lair:3: 1564 daAuts
Vaults:1: 1352 daAuts
Spider:3: 1331 daAuts
Spider:2: 1317 daAuts
     D:8: 1297 daAuts
    D:13: 1289 daAuts
     D:3: 1273 daAuts
   Elf:1: 1261 daAuts
  Lair:2: 1219 daAuts
